 Dungeon Crawl Stone Soup version 0.18-a0-1195-g77a4f03 (webtiles) character file.

13659 Trivium the Nimble (level 11, -10/107 HPs)
             Began as a Troll Monk on Jan 29, 2016.
             Was a High Priest of Okawaru.
             Killed from afar by an orc sorcerer (24 damage)
             ... with a bolt of fire
             ... on level 2 of the Orcish Mines.
             The game lasted 00:34:23 (11155 turns).

Trivium the Nimble (Troll Monk)                    Turns: 11155, Time: 00:34:24

Health: -10/107    AC: 21    Str: 24    XL:     11   Next: 78%
Magic:  12/12      EV: 12    Int:  6    God:    Okawaru [*****.]
Gold:   1069       SH: 15    Dex: 16    Spells: 2 memorised, 6 levels left

rFire  . . .     SeeInvis .     D - +1 morningstar (protect)
rCold  . . .     Gourm    +     F - +2 robe {MR+}
rNeg   + . .     Faith    .     K - +0 large shield
rPois  .         Spirit   .     j - +1 hat
rElec  .         Dismiss  .     o - +1 cloak
rCorr  .         Reflect  .     (gloves unavailable)
SustAt .         Harm     .     (boots unavailable)
MR     +....                    y - amulet of regeneration
Stlth  ++........               B - ring of positive energy
                                a - +3 ring of strength

@: very slightly contaminated, invisible, somewhat resistant to hostile
enchantments, unstealthy
A: unfitting armour, claws 3, rough black scales 1, slimy green scales 1, agile
1, fast metabolism 3, gourmand, low mp 1, regeneration 2, shaggy fur 1, tough
skin 2, wild magic 1
a: Heroism, Finesse, Renounce Religion


You were on level 2 of the Orcish Mines.
You worshipped Okawaru.
Okawaru was extremely pleased with you.
You were full.

You visited 4 branches of the dungeon, and saw 15 of its levels.
You also visited: Sewer and Ossuary.

You collected 1223 gold pieces.
You spent 154 gold pieces at shops.

Inventory:

Hand Weapons
 l - a +6 flail
 D - a +1 morningstar of protection (weapon)
 L - a cursed -2 giant spiked club
Missiles
 z - 4 throwing nets (quivered)
Armour
 j - a +1 hat (worn)
 o - a +1 cloak (worn)
 F - a +2 robe of magic resistance (worn)
 K - a +0 large shield (worn)
Jewellery
 a - a +3 ring of strength (left claw)
 i - an uncursed ring of magical power
 r - a +3 ring of intelligence
 t - a +2 amulet of reflection
 y - an amulet of regeneration (around neck)
 B - a ring of positive energy (right claw)
 J - a +3 ring of intelligence
Wands
 c - a wand of polymorph (11/24)
 h - a wand of flame (21/48)
 p - a wand of enslavement (24/24)
 s - a wand of random effects (19/48)
 A - a wand of flame (30/48)
Scrolls
 d - 9 scrolls of identify
 e - 4 scrolls of remove curse
 u - 3 scrolls of recharging
 w - 2 scrolls of blinking
 C - 2 scrolls of fog
 E - a scroll of fear
Potions
 f - a potion of curing
 m - 2 potions of invisibility
 n - a potion of flight
 x - a potion of haste
Books
 g - a book of Beasts

   Spells                             Type                      Level
   a - Summon Butterflies             Summoning                    1
   b - Call Canine Familiar           Summoning                    3
   c - Summon Ice Beast               Ice/Summoning                4
   d - Summon Mana Viper              Hexes/Summoning              5
   e - Summon Hydra                   Summoning                    7
 H - a Fen Folio

   Spells                             Type                      Level
   a - Corpse Rot                     Necromancy                   2
   b - Stone Arrow                    Conjuration/Earth            3
   c - Leda's Liquefaction            Hexes/Earth                  4
   d - Summon Forest                  Summoning/Translocation      5
   e - Hydra Form                     Transmutation                6
   f - Summon Hydra                   Summoning                    7
 I - a book of Battle

   Spells                             Type                      Level
   a - Infusion                       Charms                       1
   b - Shroud of Golubria             Charms/Translocation         2
   c - Song of Slaying                Charms                       2
   d - Spectral Weapon                Hexes/Charms                 3
   e - Regeneration                   Charms/Necromancy            3
Comestibles
 b - 14 bread rations
 k - a slice of pizza
 q - 3 fruits
 v - 11 meat rations
 G - 2 beef jerkies
 M - 3 chunks of flesh


   Skills:
 + Level 6.7 Fighting
 * Level 8.5 Maces & Flails
 + Level 9.1 Dodging
 + Level 3.2 Stealth
 + Level 3.6 Shields
 - Level 4.0 Unarmed Combat
 + Level 0.1 Spellcasting
 - Level 1.9 Charms
 * Level 4.8 Necromancy
 * Level 5.1 Invocations
 + Level 0.2 Evocations


You had 6 spell levels left.
You knew the following spells:

 Your Spells              Type           Power        Failure   Level  Hunger
a - Infusion              Chrm           #...         100%        1    ##.....
b - Regeneration          Chrm/Necr      #.........   100%        3    ####...


Dungeon Overview and Level Annotations

Branches:
Dungeon (11/15)            Temple (1/1) D:4            Lair (1/8) D:10
    Orc (2/2) D:9             Elf (0/3) Orc:2

Altars:
Ashenzari
Cheibriados
Dithmenos
Elyvilon
Fedhas
Gozag
Kikubaaqudgha
Makhleb
Nemelex Xobeh
Okawaru
Pakellas
Qazlal
Ru
Sif Muna
Trog
Vehumet
Xom
Yredelemnul
Zin
The Shining One

Shops:
D:6 (   D:7 (=[}:   D:10 *

Annotations:
D:11 Harold; Multipenetrator's ghost, novice HEAE


Innate Abilities, Weirdness & Mutations

You are too large for most types of armour.
You have claws for hands.
Your metabolism is lightning-fast.
You like to eat raw meat.
You heal very quickly.
You are covered in fur (AC +1).
You have very tough skin (AC +2).
You are partially covered in rough black scales (AC +4, Dex -1).
You are partially covered in slimy green scales (AC +2).
You are agile. (Dex +2)
Your magical capacity is low (-10% MP).
Your spells are a little harder to cast, but a little more powerful.


Message History

* * * LOW HITPOINT WARNING * * *
You are engulfed in flames!
* * * LOW HITPOINT WARNING * * *
2 orcs come into view.
The sun demon hits you but does no damage. 2 orcs come into view.
You see here 23 gold pieces.
The orc sorcerer points at you and mumbles some strange words.
The bolt of fire misses you.
You feel like a meek peon again.
An orc wizard comes into view. It is wielding a dagger.
The orc shouts!
The orc throws a tomahawk.
The tomahawk hits the sun demon but does no damage.
An orc warrior comes into view. It is wielding a glaive.
You hear the ticking of a clock nearby.
The orc sorcerer gestures at you while chanting.
The bolt of fire hits the sun demon.
The sun demon completely resists.
The bolt of fire hits you!
You die...

#oooo...........
#...o......$.$..
#.o....#)..#....
#.....o(o.......
#......#o..#.$.$
#.....(.o..#....
#....(.$(.......
#...$...3#......
#...$...@.......
#........#......
#..##...........
####..#.............
#....................
......#...............
#...........##........
#.....#...............
##.......#.........#..


You could see a sun demon, an orc sorcerer, an orc warrior, an orc priest and 3
orcs.

Vanquished Creatures
  Gastronok (Orc:1)
  The ghost of asdu the Grappler, a novice TrWr of Cheibriados (Orc:1)
  A cyclops (Orc:2)
  A wizard (D:10)
  2 orc sorcerers (Orc:2)
  Joseph (D:7)
  A spiny frog (Lair:1)
  A komodo dragon (Lair:1)
  2 trolls
  A merfolk (D:9)
  A blink frog (Lair:1)
  The ghost of Kuruc the Covert, an amateur SpAs of Gozag (D:5)
  A wyvern (D:9)
  2 hippogriffs
  8 yaks
  Menkaure (D:7)
  A water moccasin (Lair:1)
  3 porcupines (Lair:1)
  2 sky beasts (D:8)
  12 orc warriors
  An ice beast (D:10)
  A black bear (D:8)
  2 eyes of draining (D:4)
  Purgy (Sewer)
  4 ogres
  3 centaurs
  3 crocodiles (Lair:1)
  5 giant frogs
  A water moccasin zombie (D:6)
  A wyvern skeleton (D:8)
  3 scorpions
  4 killer bees (D:7)
  6 wights
  3 crimson imps
  2 giant frog zombies (D:10)
  A jelly (Orc:1)
  3 hounds (D:8)
  3 centaur zombies
  14 orc priests
  12 orc wizards
  An iguana (D:4)
  9 worker ants
  A hound skeleton (D:7)
  13 mummies (Ossuary)
  A worker ant zombie (D:9)
  11 gnolls
  11 adders
  35 river rats
  2 shadow imps
  An ooze (D:4)
  3 adder skeletons
  3 worms
  7 giant geckos
  50 orcs
  A ball python (D:2)
  4 giant cockroaches
  7 goblins
  8 hobgoblins
  2 jackals (Sewer)
  17 kobolds
  8 quokkas
  23 bats
  11 giant newts
  2 gnoll skeletons (Ossuary)
  2 goblin skeletons (Ossuary)
  A kobold skeleton (Ossuary)
  2 orc skeletons (Ossuary)
  A quokka zombie (D:5)
  15 rats
  11 rat skeletons (Ossuary)
380 creatures vanquished.

Vanquished Creatures (others)
  An orc (Orc:2)
  A bat (D:10)
  A gnoll skeleton (Ossuary)
  2 fungi
  A plant (Lair:1)
6 creatures vanquished.

Grand Total: 386 creatures vanquished

Notes
Turn   | Place    | Note
--------------------------------------------------------------
     0 | D:1      | Trivium the Troll Monk began the quest for the Orb.
     0 | D:1      | Reached XP level 1. HP: 22/22 MP: 0/0
   145 | D:1      | Reached XP level 2. HP: 29/29 MP: 1/1
   654 | D:2      | Reached XP level 3. HP: 36/36 MP: 2/2
   767 | D:2      | Found a shattered altar of Ashenzari.
  1252 | D:3      | Noticed a centaur
  1262 | D:3      | Killed a centaur
  1262 | D:3      | Reached XP level 4. HP: 38/45 MP: 3/3
  1262 | D:3      | Reached XP level 5. HP: 44/53 MP: 4/4
  1366 | D:3      | Found an oddly glowing altar of Pakellas.
  1539 | D:3      | Found a glowing drain.
  1543 | Sewer    | Entered a sewer
  1605 | Sewer    | Noticed Purgy
  1620 | Sewer    | Killed Purgy
  1620 | Sewer    | Reached XP level 6. HP: 61/61 MP: 5/5
  2081 | D:3      | Reached skill level 5 in Dodging
  2087 | D:3      | Reached skill level 1 in Maces & Flails
  2774 | D:4      | Reached XP level 7. HP: 68/68 MP: 6/6
  2823 | D:4      | Found a sand-covered staircase.
  2828 | Ossuary  | Entered an ossuary
  3260 | D:4      | Found a bloodstained altar of Trog.
  3442 | D:4      | Found a staircase to the Ecumenical Temple.
  3476 | Temple   | Entered the Ecumenical Temple
  3685 | D:4      | Reached skill level 6 in Dodging
  3685 | D:4      | Reached XP level 8. HP: 48/79 MP: 7/7
  4025 | D:4      | Learned a level 1 spell: Infusion
  4030 | D:5      | Entered Level 5 of the Dungeon
  4036 | D:5      | Found a glowing silver altar of Zin.
  4056 | D:5      | Reached skill level 5 in Fighting
  4176 | D:5      | Found an iron altar of Okawaru.
  4236 | D:5      | Became a worshipper of Warmaster Okawaru
  4236 | D:5      | Reached * piety under Okawaru
  4236 | D:5      | Reached ** piety under Okawaru
  4309 | D:5      | Gained mutation: You are agile. (Dex +2) [potion of mutation]
  4309 | D:5      | Gained mutation: Your mind is acute. (Int +2) [potion of mutation]
  4309 | D:5      | Gained mutation: You expend magic power (3 MP) to strengthen your wands. [potion of mutation]
  4320 | D:5      | Lost mutation: Your mind is acute. (Int +2) [potion of cure mutation]
  4320 | D:5      | Lost mutation: You are agile. (Dex +2) [potion of cure mutation]
  4320 | D:5      | Lost mutation: You expend magic power (3 MP) to strengthen your wands. [potion of cure mutation]
  4360 | D:5      | Found a sacrificial altar of Ru.
  4571 | D:5      | Noticed Kuruc's ghost (amateur SpAs)
  4591 | D:5      | Killed Kuruc's ghost
  4696 | D:6      | Identified a scroll of acquirement
  4767 | D:6      | Learned a level 3 spell: Regeneration
  4995 | D:6      | Found Rehesi's Antique Weapon Emporium.
  5242 | D:6      | Reached skill level 7 in Dodging
  5242 | D:6      | Reached skill level 1 in Necromancy
  5495 | D:7      | Found Lointiph's Armour Shop.
  5501 | D:7      | Bought a +0 cloak for 49 gold pieces
  5545 | D:7      | Reached *** piety under Okawaru
  5545 | D:7      | Reached XP level 9. HP: 30/88 MP: 8/8
  5549 | D:7      | Reached skill level 1 in Invocations
  5726 | D:7      | Noticed Joseph
  5740 | D:7      | Killed Joseph
  5740 | D:7      | Reached skill level 1 in Charms
  5822 | D:7      | Noticed Menkaure
  5833 | D:7      | Killed Menkaure
  5963 | D:7      | Found Tekhla Raujob's Antique Weapon Shop.
  6022 | D:7      | Reached skill level 5 in Maces & Flails
  6280 | D:7      | Found Fekoil's Jewellery Shop.
  6294 | D:7      | Found Leuf's Book Shoppe.
  6301 | D:7      | Found Liepemutyu's Gadget Emporium.
  6952 | D:8      | Reached **** piety under Okawaru
  7285 | D:8      | Reached XP level 10. HP: 98/98 MP: 11/11
  7445 | D:9      | Found a staircase to the Orcish Mines.
  7843 | D:9      | Reached skill level 1 in Shields
  8412 | D:9      | You fall through a shaft for 2 floors!
  8412 | D:11     | Noticed Harold
  8412 | D:11     | Noticed a four-headed hydra
  8412 | D:11     | Noticed Multipenetrator's ghost (novice HEAE)
  8416 | D:11     | Noticed a wizard
  8417 | D:11     | Noticed a deep elf mage
  8419 | D:11     | Noticed a wizard
  8421 | D:10     | Entered Level 10 of the Dungeon
  8421 | D:10     | Found Zyidgh's General Store.
  8453 | D:10     | Killed a wizard
  8453 | D:10     | Reached skill level 8 in Dodging
  8604 | D:10     | Gained mutation: You are partially covered in rough black scales (AC +4, Dex -1). [potion of mutation]
  8604 | D:10     | Gained mutation: Your magical capacity is low (-10% MP). [potion of mutation]
  8604 | D:10     | Gained mutation: Your magical capacity is very low (-20% MP). [potion of mutation]
  8605 | D:10     | Lost mutation: Your magical capacity is very low (-20% MP). [potion of mutation]
  8605 | D:10     | Gained mutation: You are agile. (Dex +2) [potion of mutation]
  8605 | D:10     | Gained mutation: Your spells are a little harder to cast, but a little more powerful. [potion of mutation]
  8606 | D:10     | Gained mutation: You are partially covered in slimy green scales (AC +2). [potion of mutation]
  8608 | D:10     | Bought a scroll of enchant armour for 105 gold pieces
  9264 | D:10     | Found a staircase to the Lair.
  9381 | Lair:1   | Entered Level 1 of the Lair of Beasts
  9511 | Lair:1   | Noticed a spiny frog
  9520 | Lair:1   | Killed a spiny frog
  9520 | Lair:1   | Reached ***** piety under Okawaru
  9777 | Lair:1   | Reached XP level 11. HP: 34/107 MP: 11/11
  9971 | Lair:1   | HP: 5/107 [blink frog (13)]
  9972 | Lair:1   | HP: 1/107 [blink frog (6)]
 10116 | Orc:1    | Entered Level 1 of the Orcish Mines
 10478 | Orc:1    | Noticed asdu's ghost (novice TrWr)
 10629 | Orc:1    | Killed asdu's ghost
 10729 | Orc:1    | Noticed Gastronok
 11017 | Orc:1    | Killed Gastronok
 11017 | Orc:1    | Received a gift from Okawaru
 11017 | Orc:1    | Reached skill level 9 in Dodging
 11057 | Orc:2    | Entered Level 2 of the Orcish Mines
 11058 | Orc:2    | Noticed an orc sorcerer
 11066 | Orc:2    | Killed an orc sorcerer
 11066 | Orc:2    | Reached skill level 5 in Invocations
 11067 | Orc:2    | Found a staircase to the Elven Halls.
 11125 | Orc:2    | Noticed an orc sorcerer
 11132 | Orc:2    | Noticed an orc sorcerer
 11136 | Orc:2    | Noticed a sun demon
 11137 | Orc:2    | Noticed a sun demon
 11144 | Orc:2    | Killed an orc sorcerer
 11155 | Orc:2    | Killed from afar by an orc sorcerer

Vault maps used:
D:1:      tarquinn_simple_flora_water_d
D:2:      overflow_temple_1_default, hangedman_abyss_or_decor_stabs,
          minmay_newt_pond
D:3:      overflow_temple_1_default, gup_sewer_entry_spiral
D:4:      trog_eyes_of_draining, minmay_temple_entry_steel_oval, first_bread,
          enter_ossuary_5, kennysheep_generic_room_2
D:5:      grunt_temple_overflow_open, nicolae_ru_great_annihilating_truth
D:6:      serial_shops, shop
D:7:      serial_shops, nicolae_shop_stone, kennysheep_mini_moat, shop, shop,
          shop, uniq_menkaure, uniq_joseph
D:9:      orc_0_dummy, hangedman_fish_farm
D:10:     grunt_lair_entry_orc_guard_hut, serial_shops, shop
D:11:     bh_hangedman_babel_library, uniq_harold, uniq_josephine, uniq_fannar
Temple:   eino_wide_crystal_templ_15
Orc:1:    uniq_gastronok
Orc:2:    st_orc_congregation, lab_entry_generic, special_room, uniq_snorg
Sewer:    sewer_the_crocodile
Ossuary:  ossuary_due_small_catacomb

Action                   |  1- 3 |  4- 6 |  7- 9 | 10-12 || total
-------------------------+-------+-------+-------+-------++-------
Melee: Unarmed           |   144 |   151 |   225 |       ||   520
       Whip              |       |       |    28 |       ||    28
       Flail             |       |       |   237 |   557 ||   794
       Morningstar       |       |       |       |    73 ||    73
 Cast: Infusion          |       |       |     3 |       ||     3
Invok: Heroism           |       |       |       |    10 ||    10
Evoke: Wand              |       |       |       |     6 ||     6
  Use: Scroll            |     3 |     3 |    17 |     7 ||    30
       Potion            |       |     1 |    18 |    10 ||    29
 Stab: Sleeping          |       |     2 |     7 |     3 ||    12
       Invisible         |       |       |     3 |     8 ||    11
  Eat: Chunk             |    14 |    17 |    35 |    42 ||   108
       Beef jerky        |       |       |     1 |     1 ||     2
